 Dungeon Crawl Stone Soup version 0.27.1-2-g3b301248ec (webtiles) character file.

Game seed: 7323093147003932497

2009 chaosape the Slicer (level 9, 0/67 HPs)
             Began as a Gnoll Wanderer on Sept 27, 2021.
             Was a Follower of Fedhas.
             Killed from afar by an electric eel (5 damage)
             ... with a bolt of electricity
             ... on level 6 of the Dungeon.
             The game lasted 00:39:07 (8000 turns).

chaosape the Slicer (Gnoll Wanderer)                Turns: 8000, Time: 00:39:08

Health: 0/67       AC: 15    Str: 16    XL:     9   Next: 22%
Magic:  24/24      EV:  2    Int:  9    God:    Fedhas [*.....]
Gold:   341        SH: 14    Dex: 15    Spells: 16/16 levels left

rFire    . . .     SeeInvis .   a - +4 short sword
rCold    . . .     Faith    .   h - +0 tower shield
rNeg     . . .     Spirit   .   p - +2 plate armour
rPois    .         Reflect  .   (no helmet)
rElec    .         Harm     .   (no cloak)
rCorr    +         Rampage  .   s - +0 pair of gloves
Will     +....                  (no boots)
Stlth    ..........             (no amulet)
HPRegen  0.21/turn              q - ring of magical power
MPRegen  0.19/turn              x - ring of Hutha {Drain Will+ rCorr Str+2}

@: hasted, very quick
A: fangs 1, strong nose, distributed training
a: Renounce Religion


You were on level 6 of the Dungeon.
You worshipped Fedhas.
Fedhas was aware of your devotion.
You visited 1 branch of the dungeon, and saw 6 of its levels.

You collected 1153 gold pieces.
You spent 812 gold pieces at shops.

Inventory:

Hand Weapons
 a - a +4 short sword (weapon)
 c - a +2 vorpal hand axe
 e - a +0 dagger
 f - a +0 vorpal long sword
 g - a +1 dagger of venom
 m - a +0 hunting sling
 v - a +0 spear
 D - a +1 whip of freezing
 E - a +0 hunting sling
 F - a +0 shortbow of freezing
Missiles
 l - 67 sling bullets
 n - 4 silver boomerangs (quivered)
 t - 63 arrows
 u - 13 poisoned darts
 w - 31 bolts
 y - a curare-tipped dart
 B - 7 boomerangs
Armour
 d - a +0 robe
 h - a +0 tower shield (worn)
 j - a +0 ring mail
 p - a +2 plate armour (worn)
 s - a +0 pair of gloves (worn)
Jewellery
 o - a ring of wizardry
 q - a ring of magical power (left hand)
 x - the ring of Hutha (right hand) {Drain Will+ rCorr Str+2}
   (You acquired it on level 3 of the Dungeon)

   [ring of resist corrosion]

   Str:       It affects your strength (+2).
   rCorr:     It protects you from acid and corrosion.
   Drain:     It drains your maximum health when unequipped.
   Will:      It increases your willpower.
Scrolls
 i - 2 scrolls of noise
 k - 3 scrolls of immolation
 A - a scroll of identify
 C - a scroll of vulnerability {unknown}
Potions
 r - a potion of attraction {unknown}
 z - 3 potions of mutation


   Skills:
 + Level 4.8 Fighting
 + Level 9.4 Short Blades
 + Level 4.0 Long Blades
 + Level 4.0 Axes
 + Level 4.0 Maces & Flails
 + Level 4.0 Polearms
 + Level 4.0 Staves
 + Level 4.0 Slings
 + Level 4.0 Bows
 + Level 4.0 Crossbows
 + Level 4.0 Throwing
 + Level 4.0 Armour
 + Level 4.8 Dodging
 + Level 5.9 Stealth
 + Level 4.8 Shields
 + Level 4.0 Unarmed Combat
 + Level 4.0 Spellcasting
 + Level 3.3 Conjurations
 + Level 3.3 Hexes
 + Level 3.3 Summonings
 + Level 3.3 Necromancy
 + Level 3.3 Translocations
 + Level 3.3 Transmutations
 + Level 3.3 Fire Magic
 + Level 3.3 Ice Magic
 + Level 3.3 Air Magic
 + Level 3.3 Earth Magic
 + Level 3.3 Poison Magic
 + Level 4.4 Invocations
 + Level 4.8 Evocations


You had 16 spell levels left.
You didn't know any spells.
Your spell library contained the following spells:

 Spells                   Type           Power      Damage    Failure   Level
 Corpse Rot               Necr/Air       N/A        N/A       100%        2
 Passwall                 Tmut/Erth      5%         N/A       100%        2
 Ignite Poison            Fire/Tmut/Pois 7%         N/A       100%        3
 Mephitic Cloud           Conj/Pois/Air  7%         N/A       100%        3
 Swiftness                Air            7%         N/A       100%        3
 Dispel Undead            Necr           7%         3d8       100%        4
 Bolt of Magma            Conj/Fire/Erth 3%         4d5       100%        5
 Death Channel            Necr           3%         N/A       100%        6
 Invisibility             Hex            3%         N/A       100%        6


Dungeon Overview and Level Annotations

Branches:
Dungeon (6/15)             Temple (0/1) D:4

Altars:
Ashenzari
Fedhas
Hepliaklqana
Uskayaw

Shops:
D:3 ?


Innate Abilities, Weirdness & Mutations

You have very sharp teeth.
Your uncanny sense of smell can sniff out nearby items.
Your experience applies equally to all skills.


Message History

You hit the orc.
The orc is moderately wounded.
You block the orc's attack.
The electric eel shoots out a bolt of lightning at you!
The bolt of electricity hits the orc!
The orc dies!
The bolt of electricity hits the orc.
The bolt of electricity hits you.
You puncture the orc!
You kill the orc!
Fedhas appreciates your contribution to the ecosystem.
The electric eel shoots out a bolt of lightning at you!
The bolt of electricity hits you.
Things that are here:
a +0 dagger; a +0 robe; an orc corpse The electric eel shoots out a bolt of lightning at you!
The bolt of electricity hits you!
The electric eel shoots out a bolt of lightning at you!
The bolt of electricity hits you! x2
The bolt of electricity hits the electric eel.
The electric eel completely resists.
The bolt of electricity hits the electric eel.
The electric eel completely resists.
You hit the electric eel. You bite the electric eel.
The electric eel is moderately wounded.
The electric eel shoots out a bolt of lightning at you!
The bolt of electricity hits you!
* * * LOW HITPOINT WARNING * * *
The bolt of electricity hits you!
* * * LOW HITPOINT WARNING * * *
The bolt of electricity hits the electric eel.
The electric eel completely resists.
The bolt of electricity hits the electric eel.
The electric eel completely resists.
Okay, then.
Okay, then.
It was a potion of haste.
You feel yourself speed up.
The electric eel shoots out a bolt of lightning at you!
The bolt of electricity hits you.
You die...
Fedhas appreciates your contribution to the ecosystem.

.....## ......####....≈≈
≈≈≈≈
........................ ∆
....#..###....≈≈≈≈≈.≈≈≈ ≈≈
.....<.#...#..≈# #≈.≈# .≈#
.......#.#....≈# #≈.≈# ≈.≈#
.......#.#....≈###≈.≈###≈.≈#
............#.≈≈;≈≈.≈≈≈≈≈.≈≈
....†..##..##...@..)........
...........###.#####).......
?....##.##.<.....# #)#######
.....##..#.#####.###)#
.....###.#.. #<#.....#
.....# .#.#.#.#####.# ######
.#.#.#....##.# .#.#
####.##.# ...# #.##.#


You could see an electric eel.

Vanquished Creatures
  Pikel (D:4)
  A water moccasin (D:6)
  An ogre (D:6)
  2 black bears
  A sky beast (D:5)
  A necrophage (D:5)
  A centaur (D:5)
  2 lemures (D:4)
  A kobold brigand (D:6)
  A water moccasin skeleton (D:5)
  A howler monkey (D:4)
  A centaur zombie (D:5)
  A hound (D:6)
  2 jellies
  A gnoll shaman (D:6)
  A bullfrog skeleton (D:6)
  2 centaur skeletons
  An iguana (D:6)
  4 orc wizards
  A hound skeleton (D:5)
  5 adders
  8 gnolls
  A howler monkey skeleton (D:4)
  2 white imps (D:6)
  A worm (D:2)
  3 dart slugs
  18 orcs
  6 endoplasms
  3 giant cockroaches
  2 goblins (D:2)
  9 hobgoblins
  8 jackals (D:2)
  7 kobolds
  2 quokkas (D:2)
  9 ball pythons
  7 bats
  A frilled lizard (D:3)
  8 rats
127 creatures vanquished.

Vanquished Creatures (collateral kills)
  A phantom (D:4)
  A water moccasin skeleton (D:4)
2 creatures vanquished.

Vanquished Creatures (others)
  A sky beast (D:5)
  An orc (D:6)
  2 plants (D:5)
4 creatures vanquished.

Grand Total: 133 creatures vanquished

Notes
Turn   | Place    | Note
-------+----------+-------------------------------------------
     0 | D:1      | chaosape the Gnoll Wanderer began the quest for the Orb.
     0 | D:1      | chaosape set off with the following items: a +2 short
                  | sword, a scroll of teleportation, a potion of curing, a +0
                  | robe, a +0 dagger
     0 | D:1      | Reached XP level 1. HP: 17/17 MP: 1/1
   266 | D:1      | Found a faded altar of an unknown god.
   266 | D:1      | Noticed a smoke demon
   310 | D:1      | Reached XP level 2. HP: 21/23 MP: 2/2
  1105 | D:2      | Reached XP level 3. HP: 14/28 MP: 3/3
  1597 | D:2      | Reached skill level 1 in Invocations
  1788 | D:2      | Reached skill level 1 in Long Blades
  1788 | D:2      | Reached skill level 1 in Axes
  1788 | D:2      | Reached skill level 1 in Maces & Flails
  1788 | D:2      | Reached skill level 1 in Polearms
  1788 | D:2      | Reached skill level 1 in Staves
  1788 | D:2      | Reached skill level 1 in Slings
  1788 | D:2      | Reached skill level 1 in Bows
  1788 | D:2      | Reached skill level 1 in Crossbows
  1788 | D:2      | Reached skill level 1 in Throwing
  1788 | D:2      | Reached skill level 1 in Armour
  1788 | D:2      | Reached skill level 1 in Unarmed Combat
  1788 | D:2      | Reached skill level 1 in Spellcasting
  1868 | D:2      | Reached XP level 4. HP: 34/34 MP: 5/5
  2384 | D:3      | Reached skill level 1 in Conjurations
  2384 | D:3      | Reached skill level 1 in Hexes
  2384 | D:3      | Reached skill level 1 in Summonings
  2384 | D:3      | Reached skill level 1 in Necromancy
  2384 | D:3      | Reached skill level 1 in Translocations
  2384 | D:3      | Reached skill level 1 in Transmutations
  2384 | D:3      | Reached skill level 1 in Fire Magic
  2384 | D:3      | Reached skill level 1 in Ice Magic
  2384 | D:3      | Reached skill level 1 in Air Magic
  2384 | D:3      | Reached skill level 1 in Earth Magic
  2384 | D:3      | Reached skill level 1 in Poison Magic
  2730 | D:3      | Found Rabad's Magic Scroll Shop.
  2737 | D:3      | Reached XP level 5. HP: 29/40 MP: 7/7
  2866 | D:3      | Bought a scroll of identify for 28 gold pieces
  2866 | D:3      | Bought a scroll of identify for 28 gold pieces
  2868 | D:3      | Bought a scroll of identify for 28 gold pieces
  3539 | D:4      | Noticed a black bear
  3553 | D:4      | Noticed a phantom
  3585 | D:4      | Reached XP level 6. HP: 26/47 MP: 8/8
  3761 | D:4      | Noticed Pikel
  4086 | D:4      | Found a staircase to the Ecumenical Temple.
  4090 | D:5      | Entered Level 5 of the Dungeon
  4125 | D:5      | Found a blossoming altar of Fedhas.
  4148 | D:5      | Became a worshipper of Fedhas Madash
  4184 | D:5      | Identified a scroll of acquirement
  4185 | D:5      | Acquired 849 gold pieces
  4275 | D:5      | Reached XP level 7. HP: 23/52 MP: 10/10
  4958 | D:6      | Reached skill level 9 in Short Blades
  4958 | D:6      | Reached skill level 5 in Stealth
  5436 | D:6      | Reached XP level 8. HP: 51/60 MP: 12/12
  5645 | D:6      | Reached * piety under Fedhas
  6619 | D:3      | Bought a scroll of acquirement for 728 gold pieces
  6619 | D:3      | Acquired the ring of Hutha {Drain Will+ rCorr Str+2}
  6926 | D:4      | Killed Pikel
  6927 | D:4      | Reached XP level 9. HP: 26/67 MP: 14/14
  7328 | D:4      | Found a hazy altar of Hepliaklqana.
  7461 | D:4      | Found a hide-covered altar of Uskayaw.
  7461 | D:4      | Found a broken altar of Ashenzari.
  8000 | D:6      | Killed from afar by an electric eel

Illustrated notes

Levels and vault maps discovered:
D:1:      dpeg_arrival_arbitrary_a, layout_basic,
          dreamdust_ecumenical_altar_sealed_demon,
          chequers_serial_rivers_micro_a, chequers_mini_garden
D:2:      layout_loops_ring, hangedman_glass_teeth, kennysheep_nub,
          chequers_serial_rivers_room_a
D:3:      layout_rooms, serial_shops, nicolae_shop_waterfront
D:4:      layout_rooms, gammafunk_temple_overflow_elements,
          nicolae_hepliaklqana_hippocampus, minmay_temple_entry_large_hall,
          uniq_pikel
D:5:      layout_loops_ring, fedhas_altar_1
D:6:      layout_basic, kennysheep_boxes

Skill      XL: |  1  2  3  4  5  6  7  8  9 |
---------------+----------------------------+-----
Invocations    | 1 2 3 4 |  4.4
Long Blades    | 1 2 3 4 |  4.0
Axes           | 1 2 3 4 |  4.0
Maces & Flails | 1 2 3 4 |  4.0
Polearms       | 1 2 3 4 |  4.0
Staves         | 1 2 3 4 |  4.0
Slings         | 1 2 3 4 |  4.0
Bows           | 1 2 3 4 |  4.0
Crossbows      | 1 2 3 4 |  4.0
Throwing       | 1 2 3 4 |  4.0
Armour         | 1 2 3 4 |  4.0
Unarmed Combat | 1 2 3 4 |  4.0
Spellcasting   | 1 2 3 4 |  4.0
Conjurations   | 1 2 3 |  3.3
Hexes          | 1 2 3 |  3.3
Summonings     | 1 2 3 |  3.3
Necromancy     | 1 2 3 |  3.3
Translocations | 1 2 3 |  3.3
Transmutations | 1 2 3 |  3.3
Fire Magic     | 1 2 3 |  3.3
Ice Magic      | 1 2 3 |  3.3
Air Magic      | 1 2 3 |  3.3
Earth Magic    | 1 2 3 |  3.3
Poison Magic   | 1 2 3 |  3.3
Fighting       | 3 4 |  4.8
Dodging        | 3 4 |  4.8
Shields        | 3 4 |  4.8
Evocations     | 3 4 |  4.8
Short Blades   | 9 |  9.4
Stealth        | 5 |  5.9

Action                   |  1- 3 |  4- 6 |  7- 9 || total
-------------------------+-------+-------+-------++-------
Melee: Short sword       |    84 |   251 |   250 ||   585
       Bite              |     3 |    22 |    27 ||    52
Throw: Boomerang         |     8 |       |     1 ||     9
       Dart              |       |       |    16 ||    16
  Use: Potion            |       |     5 |     2 ||     7
       Scroll            |       |    10 |     6 ||    16
 Stab: Sleeping          |     7 |     2 |       ||     9
Armor: Ring mail         |    23 |    69 |     4 ||    96
       Robe              |     1 |       |       ||     1
       Plate armour      |       |       |   162 ||   162
Dodge: Dodged            |    14 |    66 |    15 ||    95
Block: Tower shield      |    43 |   177 |   179 ||   399
